 Dungeon Crawl Stone Soup version 0.31-a0-1165-g196b491b36 (webtiles) character file.

Game seed: 1784248317478142972

14485 avis the Blocker (level 12, -21/91 HPs)
             Began as a Hill Orc Summoner on Dec 9, 2023.
             Was a Priest of Beogh.
             Engulfed by a cloud of flame (26 damage)
             ... in a volcano on Dec 10, 2023.
             The game lasted 02:39:25 (15411 turns).

avis the Blocker (Hill Orc Summoner)               Turns: 15411, Time: 02:39:26

Health: -21/91     AC: 12    Str: 12    XL:     12   Next: 17%
Magic:  24/24      EV: 10    Int: 19    God:    Beogh [***...]
Gold:   416        SH:  0    Dex: 11    Spells: 14/27 levels left

rFire   . . .        a - +2 club (spect)
rCold   + . .        e - +5 kite shield of Iczodd {rC+ Will+ Slay+2}
rNeg    . . .        B - +1 troll leather armour
rPois   +            C - +2 hat {Stlth+}
rElec   .            (no cloak)
rCorr   +            h - +2 pair of gloves
SInv    +            i - +2 pair of boots
Will    +....        P - amulet of Icvoh {RegenMP rCorr SInv}
Stlth   ++           U - ring of wizardry
HPRegen 1.15/turn    g - ring of poison resistance
MPRegen 0.59/turn

%: wizardry (x1)
@: confused, ambrosia-drunk
A: no striking features
a: Renounce Religion, Smiting


You were in a volcano.
You worshipped Beogh.
Beogh was most pleased with you.
You visited 3 branches of the dungeon, and saw 13 of its levels.
You also visited: Ossuary, Bailey and Volcano.

You collected 563 gold pieces.
You spent 147 gold pieces at shops.

Inventory:

Hand Weapons
 a - a +2 spectral club (weapon)
 b - a +3 war axe
 c - a +0 sling
 w - a +2 spear of freezing
Armour
 e - the +5 kite shield of Iczodd (worn) {rC+ Will+ Slay+2}
   (You acquired it in the Ecumenical Temple)

   Slay+2:    It affects your accuracy & damage with ranged weapons and melee
   (+2).
   rC+:       It protects you from cold.
   Will+:     It increases your willpower.
 h - a +2 pair of gloves (worn)
 i - a +2 pair of boots (worn)
 o - the +1 leather armour "Maqistie" {Harm Drain +Inv rPois Str+3}
   (You took it off a hobgoblin on level 3 of the Dungeon)

   Str+3:     It affects your strength (+3).
   rPois:     It protects you from poison +Inv: It lets you turn invisible.
   Drain:     It drains your maximum health when unequipped.
   Harm:      It increases damage dealt and taken.
 B - a +1 troll leather armour (worn)
 C - a +2 hat of stealth (worn)
Jewellery
 g - a ring of poison resistance (right hand)
 y - an amulet of reflection
 z - a +5 ring of evasion
 H - an amulet of magic regeneration
 P - the amulet of Icvoh (around neck) {RegenMP rCorr SInv}
   (You found it on level 6 of the Dungeon)

   [amulet of magic regeneration]

   RegenMP:   It increases your rate of magic regeneration.
   SInv:      It lets you see invisible.
   rCorr:     It protects you from acid and corrosion.
 U - a ring of wizardry (left hand)
Wands
 m - a wand of quicksilver (8)
 x - a wand of paralysis (10)
 A - a wand of roots (20)
 Q - a wand of mindburst (4)
 X - a wand of flame (14)
Scrolls
 f - 6 scrolls of teleportation {unknown}
 j - a scroll of revelation
 l - a scroll of blinking
 F - a scroll of brand weapon {unknown}
 J - 3 scrolls of fear
 O - a scroll of fog
 S - a scroll of amnesia {unknown}
Potions
 n - a potion of magic
 p - 3 potions of berserk rage
 r - 3 potions of might
 s - a potion of invisibility {unknown}
 t - a potion of mutation {unknown}
 u - 6 potions of lignification
 v - 6 potions of enlightenment
 D - a potion of cancellation {unknown}
 I - 3 potions of resistance {unknown}
 K - a potion of haste {unknown}
 L - 3 potions of curing


   Skills:
 - Level 4.0 Fighting
 - Level 1.5 Dodging
 - Level 1.5 Stealth
 - Level 12.0 Shields
 * Level 8.0 Spellcasting
 - Level 2.0 Hexes
 - Level 9.0 Summonings
 - Level 6.0 Air Magic
 - Level 6.0 Invocations


You had 14 spell levels left.
You knew the following spells:

 Your Spells              Type           Power      Damage    Failure   Level
a - Summon Small Mammal   Summ           100%       N/A       1%          1
c - Call Imp              Summ           82%        N/A       1%          2
d - Call Canine Familiar  Summ           41%        N/A       1%          3
g - Summon Guardian Gole  Hex/Summ       28%        N/A       3%          3
l - Summon Lightning Spi  Summ/Air       36%        N/A       4%          4

Your spell library contained the following spells:

 Spells                   Type           Power      Damage    Failure   Level
 Swiftness                Air            30%        N/A       2%          3
 Slow                     Hex            60%        N/A       4%          1
 Poisonous Vapours        Pois/Air       38%        N/A       4%          2
 Cigotuvi's Dreadful Rot  Necr/Pois/Air  30%        N/A       8%          2
 Magic Dart               Conj           28%        1d4       11%         1
 Ensorcelled Hibernation  Hex/Ice        22%        N/A       11%         2
 Confusing Touch          Hex            15%        N/A       14%         3
 Mephitic Cloud           Conj/Pois/Air  15%        N/A       14%         3
 Sigil of Binding         Hex            15%        N/A       14%         3
 Passwall                 Tmut/Erth      5%         N/A       16%         2
 Searing Ray              Conj           14%        2d5       16%         2
 Dazzling Flash           Conj/Hex       22%        N/A       21%         3
 Inner Flame              Hex/Fire       11%        N/A       21%         3
 Vampiric Draining        Necr           7%         2d6       32%         3
 Silence                  Hex/Air        11%        N/A       47%         5
 Fulminant Prism          Conj/Hex       5%         3d7       54%         4
 Animate Dead             Necr           7%         N/A       69%         4
 Dispel Undead            Necr           7%         3d8       69%         4
 Flame Wave               Conj/Fire      7%         2d5       69%         4
 Sticky Flame             Conj/Fire      7%         2d3       69%         4
 Freezing Cloud           Conj/Ice/Air   7%         6-21      75%         5
 Agony                    Necr           7%         N/A       95%         5
 Borgnjor's Vile Clutch   Necr/Erth      3%         N/A       95%         5
 Death Channel            Necr           3%         N/A       100%        6


Dungeon Overview and Level Annotations

Branches:
Dungeon (11/15)            Temple (1/1) D:7            Lair (1/5) D:11
    Orc (0/2) D:9         Ossuary (visited)          Bailey (visited)
Volcano (1/1)

Altars:
Ashenzari
Cheibriados
Dithmenos
Elyvilon
Fedhas
Gozag
Hepliaklqana
Kikubaaqudgha
Makhleb
Nemelex Xobeh
Okawaru
Qazlal
Ru
Sif Muna
Trog
Uskayaw
Vehumet
Wu Jian
Xom
Yredelemnul
Zin
The Shining One

Shops:
D:2 :   D:4 *   D:9 ?(   D:10 ?

Annotations:
D:4 3 runed translucent doors, Zonian's ghost, amateur DgSh; kaesle's ghost, novice HOFi


Message History

The lava snake bites you but does no damage.
The lava snake spits lava at you. The glob of lava misses you.
You block the lava snake's attack. x2
You hit the lava snake.
The lava snake is moderately wounded.
Your +2 spectral club hits the lava snake.
The air gets thick with the scent of sulphur.
The lava snake spits lava at you. You block the glob of lava.
You block the lava snake's attack.
You closely miss the lava snake.
The lava snake is severely wounded.
Your +2 spectral club closely misses the lava snake.
You block the lava snake's attack. The lava snake spits lava at you.
The glob of lava hits you! You block the lava snake's attack.
You closely miss the lava snake.
The lava snake is severely wounded.
Your +2 spectral club barely misses the lava snake.
The volcano roars to life, belching forth lava!
You are engulfed in blazing flames.
Your +2 spectral club is engulfed in blazing flames. x2
You block the lava snake's attack.
Your +2 spectral club is engulfed in blazing flames.
You block the lava snake's attack. The lava snake spits lava at you.
You block the glob of lava.
You are confused.
You feel invigorated.
Your +2 spectral club disappears.
You are engulfed in blazing flames.
* * * LOW HITPOINT WARNING * * *
The lava snake closely misses you. The lava snake barely misses you.
You are engulfed in blazing flames.
* * * LOW HITPOINT WARNING * * *
The lava snake spits lava at you. The glob of lava hits you!
* * * LOW HITPOINT WARNING * * *
The lava snake bites you but does no damage.
You are engulfed in blazing flames.
You die...

##.......≈≈≈≈
#.......≈°°≈°°≈°≈≈§§°≈
###......≈°≈°≈≈≈≈§≈°§.
##........§°§§≈§○°≈°°≈≈
#........§≈≈°°§°°≈≈§§°.
##......§≈≈°≈°≈≈≈≈°..≈§
##......°°§§≈≈°≈..§§≈≈
#......°.°≈≈S≈.§≈§§≈§
####...°.°...@S≈°○≈§§
##..°°.°..°≈°°°§≈.
###°○..°°°°°°°°..
##°....°°.°.°°.
###°...°°...°#
##°###°##### ### ##


You could see 2 lava snakes.

Vanquished Creatures
  2 death yaks (D:11)
  A fire bat (Volcano)
  A steam dragon (Bailey)
  A sky beast (D:6)
  A phantom (D:5)
  An elf zombie (D:5)
  2 howler monkeys
  A human zombie (D:5)
  A gnoll bouda (D:8)
  2 iguanas
  2 orc wizards
  4 gnolls
  3 adders
  2 white imps
  15 orcs
  A ball python (D:1)
  A giant cockroach (D:1)
  A goblin (D:1)
  6 hobgoblins
  A kobold (D:1)
  A quokka (D:5)
  2 bats
  A gnoll skeleton (Ossuary)
  2 orc skeletons
  5 rats
60 creatures vanquished.

Vanquished Creatures (collateral kills)
  Gastronok (D:8)
  2 komodo dragons (Lair:1)
  A troll (D:9)
  A shadow (D:11)
  2 wraiths
  2 spriggans (Bailey)
  3 wyverns
  4 yaks
  Grum (D:11)
  An acid dragon (D:10)
  A water moccasin (D:7)
  2 hell hounds (Lair:1)
  3 orc warriors
  3 ogres (Bailey)
  3 wolves (D:11)
  2 centaurs
  A phantom (D:7)
  2 bullfrogs (D:8)
  2 gnoll sergeants
  2 scorpions
  A wight (D:9)
  A killer bee (D:9)
  A howler monkey (D:9)
  An electric eel (D:8)
  3 hounds
  A human zombie (D:5)
  A jelly (D:5)
  2 orc priests
  2 human skeletons (D:5)
  2 iguanas
  Ijyb (D:3)
  A sleepcap (D:3)
  Natasha (D:4)
  9 orc wizards
  Terence (D:3)
  A mummy (Ossuary)
  12 adders
  8 gnolls
  3 white imps
  3 worms
  2 dart slugs
  26 orcs
  2 bats
  2 endoplasms (D:3)
  A giant cockroach (D:3)
  A goblin (D:2)
  5 hobgoblins
  7 kobolds
  A quokka (D:2)
  5 ball pythons
  A frilled lizard (D:2)
  2 gnoll skeletons (Ossuary)
  4 kobold skeletons (Ossuary)
  17 orc skeletons (Ossuary)
170 creatures vanquished.

Vanquished Creatures (others)
  A two-headed ogre (Bailey)
  Erica (D:8)
  A death yak (D:11)
  Pikel (D:4)
  A troll (D:11)
  Prince Ribbit (D:8)
  2 spriggans (Bailey)
  A shadow (D:11)
  A wraith (Ossuary)
  2 wyverns
  4 yaks
  A basilisk (Lair:1)
  A steam dragon (D:7)
  4 vampire mosquitoes (D:11)
  An ice beast (D:5)
  3 orc warriors
  2 ogres
  A centaur (D:8)
  4 lemures (D:4)
  A gnoll sergeant (D:8)
  3 wights (D:9)
  5 killer bees (D:9)
  3 howler monkeys (D:11)
  An orc priest (D:10)
  A jelly (D:6)
  An iguana (D:5)
  A gnoll (D:8)
  An ufetubus (D:5)
  5 orcs
  A spectral weapon (Lair:1)
56 creatures vanquished.

Grand Total: 286 creatures vanquished

Notes
Turn   | Place    | Note
-------+----------+-------------------------------------------
     0 | D:1      | avis the Hill Orc Summoner began the quest for the Orb.
     0 | D:1      | Reached XP level 1. HP: 14/14 MP: 3/3
   273 | D:1      | Reached XP level 2. HP: 18/20 MP: 0/5
   334 | D:1      | Learned a level 2 spell: Call Imp
  1020 | D:2      | Found Heuttin's Book Shop.
  1043 | D:2      | Reached XP level 3. HP: 26/26 MP: 2/7
  1095 | D:2      | Learned a level 3 spell: Call Canine Familiar
  1499 | D:2      | Found a faded altar of an unknown god.
  1515 | D:2      | Reached XP level 4. HP: 33/33 MP: 3/8
  1556 | D:2      | Got Plato's Reference Book on Misfortune
  1603 | D:2      | Learned a level 3 spell: Summon Guardian Golem
  2735 | D:3      | Identified the +1 leather armour "Maqistie" {Harm Drain
                  | +Inv rPois Str+3}
  2742 | D:3      | Reached XP level 5. HP: 25/38 MP: 7/10
  2928 | D:3      | Noticed Terence
  2946 | D:3      | Killed Terence
  3537 | D:4      | Noticed Ijyb
  3537 | D:4      | Found Cisydyum's Assorted Antiques.
  3562 | D:3      | Killed Ijyb
  3644 | D:3      | HP: 1/38 [orc/+0 hand axe (6)]
  3807 | D:3      | Reached skill level 5 in Summonings
  3870 | D:4      | Bought a grey potion for 23 gold pieces
  3870 | D:4      | Bought a murky inky potion for 23 gold pieces
  3870 | D:4      | Bought a scroll labelled OXIAGY JEYNISS for 26 gold pieces
  3870 | D:4      | Bought a scroll labelled ZUATIRIREUGAD for 26 gold pieces
  3870 | D:4      | Bought a scroll labelled WUCHAA OMYO for 26 gold pieces
  3870 | D:4      | Bought a grey potion for 23 gold pieces
  4055 | D:4      | Reached XP level 6. HP: 45/45 MP: 6/12
  4088 | D:4      | Reached skill level 1 in Hexes
  4284 | D:4      | Learned a level 4 spell: Summon Lightning Spire
  4435 | D:4      | Noticed Pikel
  4449 | D:4      | Killed Pikel
  4450 | D:4      | Reached skill level 1 in Fighting
  4450 | D:4      | Reached XP level 7. HP: 45/52 MP: 4/13
  4539 | D:4      | Found a shimmering blue altar of Sif Muna.
  4593 | D:4      | Noticed Natasha
  4605 | D:4      | Killed Natasha
  4673 | D:4      | Found a runed translucent gate.
  4674 | D:4      | Found a runed translucent gate.
  4675 | D:4      | Found a runed translucent gate.
  4676 | D:4      | Noticed Zonian's ghost (amateur DgSh)
  4676 | D:4      | Noticed kaesle's ghost (novice HOFi)
  4937 | D:5      | Entered Level 5 of the Dungeon
  5196 | D:5      | Noticed a yak
  5206 | D:5      | Reached XP level 8. HP: 15/59 MP: 10/14
  5241 | D:5      | Noticed a wyvern
  5398 | D:5      | Found a sand-covered staircase.
  5417 | Ossuary  | Entered an ossuary
  5417 | Ossuary  | Noticed a wraith
  5417 | Ossuary  | Noticed a wraith
  5417 | Ossuary  | Noticed a wraith
  5856 | Ossuary  | Noticed a wraith
  5907 | Ossuary  | Killed a wraith
  6056 | D:5      | Found a glowing silver altar of Zin.
  6074 | D:5      | Reached skill level 5 in Spellcasting
  6109 | D:5      | Identified the +0 robe of Ownau {rCorr}
  6120 | D:5      | Became a worshipper of Beogh the Brigand
  6461 | D:5      | Killed a yak
  6462 | D:5      | Reached skill level 5 in Air Magic
  6507 | D:5      | Killed a wyvern
  6508 | D:5      | Reached XP level 9. HP: 67/67 MP: 5/16
  7140 | D:6      | Identified the amulet of Icvoh {RegenMP rCorr SInv}
  7171 | D:6      | Reached skill level 1 in Invocations
  8327 | D:7      | Reached skill level 5 in Invocations
  8417 | D:7      | Found a staircase to the Ecumenical Temple.
  8426 | Temple   | Entered the Ecumenical Temple
  8574 | Temple   | Acquired the +5 kite shield of Iczodd {rC+ Will+ Slay+2}
  8862 | D:7      | Reached skill level 1 in Shields
  9429 | D:7      | Reached * piety under Beogh
  9430 | D:7      | Reached skill level 2 in Shields
  9528 | D:8      | Reached skill level 3 in Shields
  9570 | D:8      | Reached skill level 4 in Shields
  9743 | D:8      | Noticed Gastronok
  9770 | D:8      | Found a white marble altar of Elyvilon.
  9782 | D:8      | Noticed Prince Ribbit
  9826 | D:8      | Killed Prince Ribbit
  9827 | D:8      | Reached skill level 5 in Shields
  9827 | D:8      | Reached XP level 10. HP: 78/78 MP: 17/17
  9864 | D:8      | Killed Gastronok
  9865 | D:8      | Reached skill level 8 in Shields
 10145 | D:8      | Found a blossoming altar of Fedhas.
 10598 | D:8      | Noticed Erica
 10612 | D:8      | Killed Erica
 10613 | D:8      | Reached skill level 9 in Shields
 11225 | D:9      | Found Qudost's Magic Scroll Shoppe.
 11251 | D:9      | HP: 2/78 [wyvern (8)]
 11256 | D:9      | Reached skill level 10 in Shields
 11286 | D:9      | Found Nimpetus's Weapon Shoppe.
 11286 | D:9      | Found a staircase to the Orcish Mines.
 11323 | D:9      | Reached ** piety under Beogh
 11503 | D:9      | Found a flagged portal.
 11527 | Bailey   | Entered a bailey
 11672 | Bailey   | Reached XP level 11. HP: 84/84 MP: 11/20
 11730 | Bailey   | Noticed a two-headed ogre
 11754 | Bailey   | Killed a two-headed ogre
 13236 | D:10     | Entered Level 10 of the Dungeon
 13701 | D:10     | Found a bloodstained altar of Trog.
 13701 | D:10     | Found a sparkling altar of Nemelex Xobeh.
 13823 | D:10     | Found a broken altar of Ashenzari.
 13950 | D:10     | Reached *** piety under Beogh
 14026 | D:10     | Found Sohystoi's Magic Scroll Boutique.
 14184 | D:10     | Found an ancient bone altar of Kikubaaqudgha.
 14346 | D:10     | Found a hide-covered altar of Uskayaw.
 14497 | D:11     | Reached skill level 11 in Shields
 14552 | D:11     | Noticed a death yak
 14552 | D:11     | Noticed a death yak
 14565 | D:11     | Killed a death yak
 14582 | D:11     | Killed a death yak
 14583 | D:11     | Reached skill level 12 in Shields
 14704 | D:11     | Found a staircase to the Lair.
 14713 | D:11     | Noticed Grum
 14717 | D:11     | Noticed a death yak
 14720 | D:11     | Killed Grum
 14749 | D:11     | Killed a death yak
 14989 | D:11     | Reached XP level 12. HP: 91/91 MP: 20/22
 15135 | Lair:1   | Entered Level 1 of the Lair of Beasts
 15260 | Lair:1   | Found a dark tunnel.
 15266 | Volcano  | Entered a volcano
 15411 | Volcano  | Engulfed by a cloud of flame

Illustrated notes

Levels and vault maps discovered:
D:1:      dpeg_arrival_arbitrary_c, layout_basic
D:2:      layout_loops_ring, serial_shops, shop,
          shapermc_ecumenical_altar_rom_forum
D:3:      layout_basic, minmay_liquid_box, uniq_terence
D:4:      layout_rooms, tgw_sif, serial_shops, nicolae_shop_tiny_glass,
          gammafunk_ghost_cemetery, uniq_pikel, uniq_natasha, uniq_ijyb
D:5:      minmay_clustersquares, layout_rooms, old_standard_altar,
          nicolae_ossuary_entry_catacombs
D:6:      layout_loops_ring, grunt_ministairs_12
D:7:      layout_loops_corners, minmay_temple_entry_statues_pillars
D:8:      layout_basic, lemuel_crystal_altar, nicolae_elyvilon_temple_path,
          uniq_prince_ribbit1, uniq_gastronok, uniq_erica
D:9:      layout_roguey, orc_david_3, serial_shops,
          nicolae_shop_tiny_statue_garden, enter_bailey_4
D:10:     layout_rooms, nicolae_overflow_macrodata_refinement,
          mainiacjoe_overflow_six_doors_small, serial_shops,
          nicolae_shop_rolled_up
D:11:     layout_cave_pods, dpeg_lair_monsters, uniq_grum
Temple:   nicolae_temple_bog_church
Lair:1:   layout_gridlike, enter_volcano_3, grunt_forest_small_clearings,
          lemuel_fruit_tree
Volcano:  volcano_lake [vl_original]

Skill      XL: |  1  2  3  4  5  6  7  8  9 10 11 12 |
---------------+-------------------------------------+-----
Spellcasting   | 2 3 4 5 6 7 8 |  8.0
Summonings     | 5 6 7 8 9 |  9.0
Hexes          | 2 |  2.0
Air Magic      | 3 5 6 |  6.0
Fighting       | 1 2 4 |  4.0
Invocations    | 6 |  6.0
Shields        | 5 10 12 | 12.0
Dodging        | |  1.5
Stealth        | |  1.5

Action                     |  1- 3 |  4- 6 |  7- 9 | 10-12 || total
---------------------------+-------+-------+-------+-------++-------
  Melee: Dagger            |    34 |    26 |       |       ||    60
         Club              |       |    18 |   176 |   165 ||   359
         Punch             |       |     1 |     2 |       ||     3
   Fire: Sling             |       |     5 |       |       ||     5
   Cast: Summon Small Mamm |    30 |    41 |     1 |     8 ||    80
         Call Imp          |    11 |    29 |    14 |    26 ||    80
         Call Canine Famil |       |    15 |    49 |    46 ||   110
         Summon Guardian G |       |     5 |    26 |    47 ||    78
         Summon Lightning  |       |       |     2 |    14 ||    16
 Invoke: Convert to Beogh  |       |       |     1 |       ||     1
  Evoke: Wand              |       |       |     1 |     3 ||     4
    Use: Scroll            |       |       |    11 |     8 ||    19
         Potion            |       |       |       |     2 ||     2
   Stab: Sleeping          |     3 |     1 |     1 |     1 ||     6
         Distracted        |       |       |     4 |     1 ||     5
 Armour: Robe              |    20 |    68 |   107 |       ||   195
         Leather armour    |       |       |    37 |    19 ||    56
         Troll leather arm |       |       |       |   128 ||   128
  Dodge: Dodged            |    17 |    47 |   123 |    76 ||   263
  Block: Buckler           |       |       |     3 |       ||     3
         Kite shield       |       |       |       |   246 ||   246
         Form:             |       |       |     1 |       ||     1
         Beast             |       |       |     1 |       ||     1

Table legend: (Time is in decaauts)
 A = Elapsed time spent in this place.
 B = Non-inter-level travel time spent in this place.
 C = Inter-level travel time spent in this place.
 D = Time resting spent in this place.
 E = Time spent auto-exploring this place.
 F = Levels seen in this place.
 G = Mean time per level.
                   A        B        C        D        E       F      G
               +--------+--------+--------+--------+--------+-----+--------+
         Total |  15599 |  13889 |   1710 |   4025 |   4132 |  16 |  974.9 |
       Dungeon |  13959 |  12254 |   1705 |   3404 |   4132 |  11 | 1269.0 |
        Temple |    330 |    325 |      5 |    244 |      0 |   1 |  330.0 |
          Lair |    139 |    139 |      0 |      0 |      0 |   1 |  139.0 |
       Ossuary |    591 |    591 |      0 |    284 |      0 |   1 |  591.0 |
        Bailey |    428 |    428 |      0 |     93 |      0 |   1 |  428.0 |
       Volcano |    151 |    151 |      0 |      0 |      0 |   1 |  151.0 |
               +--------+--------+--------+--------+--------+-----+--------+

Top non-repeatable levels by time:
     D:9: 1975 daAuts
     D:7: 1592 daAuts
     D:8: 1495 daAuts
     D:3: 1443 daAuts
     D:5: 1344 daAuts
     D:2: 1333 daAuts
     D:6: 1274 daAuts
     D:4: 1215 daAuts
     D:1: 982 daAuts
    D:11: 731 daAuts
 Ossuary: 591 daAuts
    D:10: 570 daAuts
  Bailey: 428 daAuts
  Temple: 330 daAuts
 Volcano: 151 daAuts
